 Dungeon Crawl Stone Soup version 0.23.2-33-g5129a83184 (webtiles) character file.

Game seed: 18147888781800834535

9527 dohliylev the Unseen (level 11, -6/79 HPs)
             Began as a Vampire Enchanter on July 28, 2019.
             Was a Believer of Makhleb.
             Mangled by a spiny frog (16 damage)
             ... on level 2 of the Lair of Beasts.
             The game lasted 00:50:07 (9565 turns).

dohliylev the Unseen (Vampire Enchanter)            Turns: 9565, Time: 00:50:08

Health: -6/79      AC:  8    Str:  7    XL:     11   Next: 24%
Magic:  24/31      EV: 17    Int: 22    God:    Makhleb [**....]
Gold:   335        SH:  0    Dex: 14    Spells: 19/25 levels left

rFire    . . .     SeeInvis +   w - +2 dagger (drain)
rCold    + . .     Gourm    .   (no shield)
rNeg     . . .     Faith    .   y - +1 robe {rC+}
rPois    .         Spirit   .   n - +2 helmet
rElec    .         Reflect  .   s - +0 cloak
rCorr    .         Harm     +   (no gloves)
MR       ++...                  k - +0 pair of boots
Stlth    ++++++....             N - amulet of harm
HPRegen  0.43/turn              o - ring of protection from magic
MPRegen  0.22/turn              J - ring of magical power

@: very slightly contaminated, regenerating quickly
A: fangs 3, see invisible, unbreathing
a: Minor Destruction, Renounce Religion


You were on level 2 of the Lair of Beasts.
You worshipped Makhleb.
Makhleb was pleased with you.
You were almost alive.

You visited 3 branches of the dungeon, and saw 11 of its levels.

You collected 335 gold pieces.

Inventory:

Hand Weapons
 w - a +2 dagger of draining (weapon)
 K - a +3 dagger of venom
Armour
 k - a +0 pair of boots (worn)
 n - a +2 helmet (worn)
 s - a +0 cloak (worn)
 y - a +1 robe of cold resistance (worn)
Jewellery
 o - a ring of protection from magic (left hand)
 r - an uncursed ring of fire
 J - a ring of magical power (right hand)
 N - an amulet of harm (around neck)
Wands
 H - a wand of enslavement (8)
 I - a wand of flame (17)
 L - a wand of iceblast (8)
 M - a wand of disintegration (18)
Scrolls
 b - 2 scrolls of magic mapping
 c - 4 scrolls of identify {unknown}
 g - 3 scrolls of enchant weapon {unknown}
 i - 4 scrolls of immolation {unknown}
 l - 5 scrolls of remove curse {unknown}
 m - 6 scrolls of amnesia {unknown}
 p - 4 scrolls of teleportation {unknown}
 t - 4 scrolls of enchant armour {unknown}
 u - 2 scrolls of blinking {unknown}
 B - 3 scrolls of fear {unknown}
 D - a scroll of random uselessness {unknown}
 E - 2 scrolls of noise {unknown}
 F - a scroll of fog {unknown}
 G - a scroll of torment {unknown}
Potions
 a - 2 potions of brilliance {unknown}
 d - 13 potions of blood
 e - 5 potions of curing {unknown}
 f - 3 potions of lignification {unknown}
 h - 5 potions of heal wounds
 j - 2 potions of mutation {unknown}
 q - 2 potions of resistance {unknown}
 v - 3 potions of degeneration {unknown}
 x - a potion of might {unknown}
 z - a potion of agility {unknown}
 A - 2 potions of berserk rage {unknown}
 C - 3 potions of flight {unknown}


   Skills:
 - Level 5.0 Fighting
 + Level 7.3 Short Blades
 - Level 8.2 Dodging
 - Level 16.0 Stealth
 + Level 7.5 Spellcasting
 - Level 5.0 Hexes
 - Level 2.0 Ice Magic


You had 19 spell levels left.
You knew the following spells:

 Your Spells              Type           Power        Failure   Level  Hunger
a - Corona                Hex            ####...      1%          1    None
b - Ensorcelled Hibernat  Hex/Ice        ###...       2%          2    None
c - Confuse               Hex            ####....     3%          3    None

Your spell library contained the following spells:

 Spells                   Type           Power        Failure   Level  Hunger
 Confusing Touch          Hex            ####..       1%          1    None
 Tukima's Dance           Hex            ####....     3%          3    None
 Animate Skeleton         Necr           N/A          8%          1    None
 Apportation              Tloc           #.....       8%          1    None
 Summon Small Mammal      Summ           #...         8%          1    None
 Dazzling Spray           Conj/Hex       ###...       9%          3    None
 Gell's Gravitas          Tloc           #.........   24%         3    None
 Metabolic Englaciation   Hex/Ice        ###.......   45%         5    #####..
 Petrify                  Tmut/Erth      #.......     61%         4    ###....
 Yara's Violent Unravell  Hex/Tmut       ###.......   61%         5    #####..


Dungeon Overview and Level Annotations

Branches:
Dungeon (8/15)             Temple (1/1) D:6            Lair (2/6) D:8
  Swamp: Lair:2-4    Shoals: Lair:2-4     Snake: Lair:2-4    Spider: Lair:2-4

Altars:
Ashenzari
Cheibriados
Dithmenos
Elyvilon
Fedhas
Gozag
Hepliaklqana
Kikubaaqudgha
Makhleb
Nemelex Xobeh
Okawaru
Qazlal
Ru
Sif Muna
Trog
Uskayaw
Vehumet
Wu Jian
Xom
Yredelemnul
Zin
The Shining One

Shops:
D:4 :   D:8 =

Annotations:
D:4 2 runed translucent doors, troglodite's ghost, novice GnWn


Innate Abilities, Weirdness & Mutations

Your natural rate of healing is unusually fast.
You have razor-sharp teeth.
You have supernaturally acute eyesight. (SInv)
You can survive without breathing.


Message History

The blink frog blinks!
Casting: Ensorcelled Hibernation (safe; 2% risk of failure)
Confirm with . or Enter, or press ? or * to list all spells.
Aiming: Ensorcelled Hibernation (safe; 2% risk of failure)
Press: ? - help, Shift-Dir - straight line, f/p - spiny frog
Aim: a spiny frog (chance to defeat MR: 52%)
The spiny frog resists with some effort.
The blink frog barely misses you.
The blink frog blinks!
The spiny frog completely misses you. The blink frog closely misses you.
Okay, then.
The spiny frog stings you!!
* * * LOW HITPOINT WARNING * * *
The blink frog completely misses you. The spiny frog misses you.
The blink frog misses you.
As you read the scroll labeled WOUSTAD KULY, it crumbles to dust.
You feel aware of your surroundings.
It was a scroll of magic mapping.
The blink frog misses you.
The blink frog hits you but does no damage.
The spiny frog stings you!
You die...

#.......#### ***,*,,,****,,,,,,,,
#........######******,*,,*,,,,,,,
#.....#†##P.#.##### *****,,,,,,,,
....###.......##..# **,,,,,,,
#..#*##...........# ***,,,,, ###*
#............# *,*,,**
#............## ****,,*
*#.........F...# *,,,
#..........F@.## **,,
*##.........FF..# **,
*...........<..## *,,
##..........÷.## *,*
#.............# ***
**#............## *
*,,............# *,,,..........##
* **,,,*........## *


You could see a spiny frog and 3 blink frogs.

Vanquished Creatures
  A two-headed ogre (D:8)
  Sonja (Lair:1)
  2 komodo dragons (Lair:1)
  Grinder (D:5)
  2 hippogriffs (Lair:1)
  15 yaks
  Menkaure (D:4)
  2 wargs (D:8)
  Duvessa (D:7)
  5 water moccasins
  6 porcupines (Lair:1)
  2 orc warriors
  2 sky beasts (D:6)
  A hornet zombie (D:6)
  2 phantoms
  4 ogres
  3 centaurs
  2 crocodiles (Lair:1)
  A big kobold (D:7)
  6 bullfrogs
  Dowan (D:7)
  3 scorpions
  A wyvern skeleton (D:7)
  An electric eel (Lair:1)
  A vampire bat (D:4)
  3 crimson imps
  A centaur zombie (D:7)
  2 bullfrog zombies
  13 orc wizards
  5 orc priests
  A centaur skeleton (D:6)
  A hound (D:5)
  A bullfrog skeleton (D:5)
  Terence (D:2)
  3 iguanas
  5 worker ants
  3 hound zombies
  A worker ant zombie (D:6)
  4 gnolls
  13 adders
  4 shadow imps
  An ooze (D:4)
  3 worms
  A dart slug (D:3)
  10 leopard geckos
  31 orcs
  4 bat skeletons (D:4)
  2 bat zombies (D:4)
  4 giant cockroaches
  12 goblins
  7 hobgoblins
  11 jackals
  12 kobolds
  3 quokkas
  A ball python (D:3)
  7 bats
  8 frilled lizards
  2 quokka zombies
  19 rats
266 creatures vanquished.

Notes
Turn   | Place    | Note
-------+----------+-------------------------------------------
     0 | D:1      | dohliylev the Vampire Enchanter began the quest for the
                  | Orb.
     0 | D:1      | Reached XP level 1. HP: 13/13 MP: 3/3
   113 | D:1      | Reached skill level 5 in Stealth
   191 | D:1      | Reached XP level 2. HP: 14/19 MP: 3/5
   197 | D:1      | Learned a level 2 spell: Ensorcelled Hibernation
   514 | D:1      | Reached XP level 3. HP: 24/24 MP: 6/6
   522 | D:1      | Learned a level 3 spell: Confuse
   677 | D:1      | Reached skill level 5 in Hexes
  1261 | D:2      | Reached XP level 4. HP: 30/30 MP: 1/7
  1444 | D:2      | Reached skill level 6 in Stealth
  1609 | D:2      | Noticed Terence
  1638 | D:2      | Killed Terence
  1638 | D:2      | Reached skill level 1 in Ice Magic
  1956 | D:2      | Reached XP level 5. HP: 35/35 MP: 6/9
  2376 | D:3      | Reached skill level 7 in Stealth
  2378 | D:3      | Reached XP level 6. HP: 34/42 MP: 4/10
  2393 | D:3      | Found a white marble altar of Elyvilon.
  2393 | D:3      | Found a hide-covered altar of Uskayaw.
  2393 | D:3      | Found a blossoming altar of Fedhas.
  2544 | D:3      | Found a glowing golden altar of the Shining One.
  3003 | D:4      | Reached skill level 8 in Stealth
  3157 | D:4      | Found a large runed translucent door.
  3158 | D:4      | Found a large runed translucent door.
  3162 | D:4      | Noticed troglodite's ghost (novice GnWn)
  3246 | D:4      | Noticed Menkaure
  3251 | D:4      | Found Jomiul's Book Shop.
  3430 | D:4      | Killed Menkaure
  3430 | D:4      | Reached skill level 1 in Fighting
  3430 | D:4      | Reached XP level 7. HP: 48/48 MP: 10/14
  3619 | D:4      | Found an ancient bone altar of Kikubaaqudgha.
  3732 | D:5      | Entered Level 5 of the Dungeon
  3762 | D:5      | Reached skill level 5 in Spellcasting
  3992 | D:5      | Reached skill level 5 in Dodging
  4098 | D:5      | Reached XP level 8. HP: 56/56 MP: 15/15
  4316 | D:5      | Noticed Grinder
  4330 | D:5      | Killed Grinder
  5187 | D:6      | Reached XP level 9. HP: 65/65 MP: 5/16
  5300 | D:6      | Found a staircase to the Ecumenical Temple.
  5309 | Temple   | Entered the Ecumenical Temple
  5352 | Temple   | Became a worshipper of Makhleb the Destroyer
  5956 | D:7      | Noticed Dowan
  6152 | D:7      | Reached skill level 9 in Stealth
  6217 | D:7      | Found the +10 large shield of Ignorance {rN+ Int-4}
  6382 | D:7      | Noticed Duvessa
  6483 | D:7      | Killed Duvessa
  6706 | D:7      | Killed Dowan
  6706 | D:7      | Reached skill level 10 in Stealth
  6781 | D:7      | Reached * piety under Makhleb
  6781 | D:7      | Reached skill level 5 in Short Blades
  7117 | D:7      | Found a sacrificial altar of Ru.
  7278 | D:8      | Noticed a two-headed ogre
  7286 | D:8      | Killed a two-headed ogre
  7286 | D:8      | Reached skill level 12 in Stealth
  7426 | D:8      | Reached skill level 5 in Fighting
  7426 | D:8      | Reached XP level 10. HP: 74/74 MP: 9/17
  7469 | D:8      | Found a staircase to the Lair.
  7681 | D:8      | Reached ** piety under Makhleb
  7875 | D:8      | Found a hide-covered altar of Uskayaw.
  7961 | D:8      | Found Xid Bafi's Jewellery Shoppe.
  8142 | Lair:1   | Entered Level 1 of the Lair of Beasts
  8162 | Lair:1   | Reached skill level 13 in Stealth
  8268 | Lair:1   | Noticed Sonja
  8279 | Lair:1   | Killed Sonja
  8279 | Lair:1   | Reached skill level 14 in Stealth
  8549 | Lair:1   | Reached skill level 15 in Stealth
  8579 | Lair:1   | Reached XP level 11. HP: 79/79 MP: 3/21
  9491 | Lair:2   | Reached skill level 16 in Stealth
  9565 | Lair:2   | Mangled by a spiny frog

Skill      XL: |  1  2  3  4  5  6  7  8  9 10 11 |
---------------+----------------------------------+-----
Stealth        | 5 6 7 8 12 15 16 | 16.0
Hexes          | 5 |  5.0
Ice Magic      | 1 2 |  2.0
Short Blades   | 2 3 6 7 |  7.3
Spellcasting   | 3 4 5 6 7 |  7.5
Dodging        | 3 5 8 |  8.2
Fighting       | 1 2 3 5 |  5.0

Action                   |  1- 3 |  4- 6 |  7- 9 | 10-12 || total
-------------------------+-------+-------+-------+-------++-------
Melee: Dagger            |   153 |   158 |   323 |   155 ||   789
       Bite              |    10 |    13 |    29 |     9 ||    61
 Cast: Corona            |     5 |     5 |    12 |       ||    22
       Ensorcelled Hiber |    22 |    56 |    67 |    69 ||   214
       Confuse           |       |     3 |    16 |     7 ||    26
 Abil: End Transformatio |       |       |     1 |       ||     1
       Bat Form          |       |       |     1 |       ||     1
  Use: Potion            |       |       |     1 |       ||     1
       Scroll            |       |       |       |     1 ||     1
 Stab: Sleeping          |    21 |    35 |    53 |    41 ||   150
       Confused          |       |     2 |    13 |     2 ||    17
       Distracted        |       |       |     1 |       ||     1
  Eat: Corpse            |    11 |    12 |     9 |    11 ||    43
Armor: Robe              |    40 |    57 |    71 |    14 ||   182
Dodge: Dodged            |    61 |   115 |   218 |   102 ||   496
